 Dungeon Crawl Stone Soup version 0.29-a0-384-g6960b1960d (webtiles) character file.

Game seed: 93676259112938286

179 quokkamancerX the Digger (level 5, 0/28 HPs)
             Began as a Gargoyle Earth Elementalist on May 7, 2022.
             Slain by Terence
             ... wielding a +0 falchion
              (1 damage)
             ... on level 3 of the Dungeon.
             The game lasted 00:15:52 (3509 turns).

quokkamancerX the Digger (GrEE)                     Turns: 3509, Time: 00:15:53

Health: 0/28       AC:  7    Str: 11    XL:     5   Next: 59%
Magic:  3/10       EV: 11    Int: 18    God:
Gold:   231        SH:  0    Dex: 10    Spells: 10/11 levels left

rFire   . . .      SeeInvis .   s - +1 dagger (venom)
rCold   . . .      Faith    .   (no shield)
rNeg    + . .      Spirit   .   b - +0 robe
rPois   ∞          Reflect  .   o - +0 helmet
rElec   +          Harm     .   (no cloak)
rCorr   +          Rampage  .   (no gloves)
Will    .....                   (no boots)
Stlth   ++........              (no amulet)
HPRegen 0.09/turn               k - ring of resist corrosion
MPRegen 0.12/turn               (no ring)

@: no status effects
A: sickness immunity, AC +4, negative energy resistance 1, electricity
resistance, torment resistance 1, petrification resistance
a: no special abilities


You were on level 3 of the Dungeon.
You visited 1 branch of the dungeon, and saw 3 of its levels.

You collected 231 gold pieces.

Inventory:

Hand Weapons
 s - a +1 dagger of venom (weapon)
Missiles
 a - 92 stones (quivered)
Armour
 b - a +0 robe (worn)
 o - a +0 helmet (worn)
Magical Staves
 p - a staff of conjuration
Jewellery
 k - a ring of resist corrosion (left hand)
Scrolls
 d - a scroll of noise {unknown}
 g - a scroll of teleportation {unknown}
 j - a scroll of amnesia {unknown}
 n - a scroll of vulnerability {unknown}
 q - 2 scrolls of identify {unknown}
 u - a scroll of torment {unknown}
 v - a scroll of enchant armour {unknown}
 w - a scroll of magic mapping {unknown}
Potions
 c - a potion of magic
 e - a potion of brilliance {unknown}
 f - 4 potions of cancellation {unknown}
 h - a potion of attraction {unknown}
 i - 3 potions of flight {unknown}
 l - 3 potions of heal wounds {unknown}
 m - a potion of lignification {unknown}
 r - 3 potions of ambrosia {unknown}


   Skills:
 - Level 1.5 Dodging
 - Level 2.1 Stealth
 + Level 3.9 Spellcasting
 - Level 0.7 Transmutations
 + Level 5.8 Earth Magic


You had 10 spell levels left.
You knew the following spells:

 Your Spells              Type           Power      Damage    Failure   Level
a - Sandblast             Erth           48%        2d12      1%          1

Your spell library contained the following spells:

 Spells                   Type           Power      Damage    Failure   Level
 Passwall                 Tmut/Erth      12%        N/A       6%          2
 Stone Arrow              Conj/Erth      26%        3d8       14%         3
 Ensorcelled Hibernation  Hex/Ice        6%         N/A       22%         2
 Spider Form              Tmut/Pois      4%         N/A       36%         3
 Petrify                  Tmut/Erth      15%        N/A       36%         4
 Anguish                  Hex/Necr       1%         N/A       83%         4


Dungeon Overview and Level Annotations

Branches:
Dungeon (3/15)

Altars:
Cheibriados

Shops:
D:3 =

Annotations:
D:3 1 runed translucent door, Crazy Yiuf, Terence


Innate Abilities, Weirdness & Mutations

You are immune to sickness and miasma.
Your stone body is resilient. (AC +4)
You are immune to poison.
You resist negative energy. (rN+)
You are resistant to electric shocks. (rElec)
You are resistant to unholy torment.
You are immune to petrification.


Message History

Casting: Sandblast (safe; 1% risk of failure)
Confirm with . or Enter, or press ? or * to list all spells.
Aiming: Sandblast (safe; 1% risk of failure)
Press: ? - help, Shift-Dir - straight line, f/p - Terence
Aim: Terence, wielding a +0 falchion and wearing a +0 chain mail (lightly wounded, 86% to hit)
The blast of sand hits Terence but does no damage.
Terence is lightly wounded.
a - 93 stones Terence hits you with a +0 falchion.
Casting: Sandblast (safe; 1% risk of failure)
Confirm with . or Enter, or press ? or * to list all spells.
Aiming: Sandblast (safe; 1% risk of failure)
Press: ? - help, Shift-Dir - straight line, f/p - Terence
Aim: Terence, wielding a +0 falchion and wearing a +0 chain mail (lightly wounded, 86% to hit)
The blast of sand hits Terence but does no damage.
Terence is lightly wounded.
a - 92 stones Terence hits you but does no damage.
You hit Terence but do no damage.
Terence is lightly wounded.
Terence hits you with a +0 falchion.
You hit Terence but do no damage.
Terence is lightly wounded.
Terence hits you with a +0 falchion.
* * * LOW HITPOINT WARNING * * *
You hit Terence.
Terence is moderately wounded.
Terence hits you but does no damage.
You hit Terence but do no damage.
Terence is moderately wounded.
Terence barely misses you.
You hit Terence but do no damage.
Terence is moderately wounded.
Terence hits you with a +0 falchion!
* * * LOW HITPOINT WARNING * * *
You closely miss Terence.
Terence is moderately wounded.
Terence screams, "I'm going to kill you!"
Terence hits you with a +0 falchion.
You die...

# #.##.#
...##.#
######.#
##.#.#
#.#..#
#.### #.#
..#####)#
(..(.r@@#
(.#.#####


You could see Terence and a rat.

Vanquished Creatures
  Natasha (thrice) (D:2)
  Robin (D:2)
  2 adders
  A worm (D:2)
  3 dart slugs
  An orc (D:3)
  3 ball pythons (D:2)
  3 bats
  4 giant cockroaches
  11 goblins
  12 hobgoblins
  2 jackals (D:3)
  7 kobolds
  2 quokkas
  A frilled lizard (D:2)
  5 rats
61 creatures vanquished.

Vanquished Creatures (others)
  42 plants (D:2)
42 creatures vanquished.

Grand Total: 103 creatures vanquished

Notes
Turn   | Place    | Note
-------+----------+-------------------------------------------
     0 | D:1      | quokkamancerX the Gargoyle Earth Elementalist began the
                  | quest for the Orb.
     0 | D:1      | Reached XP level 1. HP: 10/10 MP: 3/3
   712 | D:1      | Reached XP level 2. HP: 12/15 MP: 5/5
   838 | D:1      | Reached skill level 4 in Earth Magic
  1431 | D:2      | Reached XP level 3. HP: 19/19 MP: 6/6
  1759 | D:2      | Found a snail-covered altar of Cheibriados.
  1784 | D:2      | Noticed Robin
  2072 | D:2      | Noticed Natasha
  2092 | D:2      | Killed Natasha
  2093 | D:2      | Reached skill level 5 in Earth Magic
  2093 | D:2      | Reached XP level 4. HP: 14/24 MP: 3/8
  2294 | D:2      | Noticed Natasha
  2323 | D:2      | Killed Natasha
  2425 | D:2      | Found a faded altar of an unknown god.
  2691 | D:2      | Reached XP level 5. HP: 26/28 MP: 10/10
  2733 | D:2      | Noticed Natasha
  2738 | D:2      | Killed Natasha
  2791 | D:2      | Killed Robin
  3130 | D:3      | Found Ameatu's Jewellery Shop.
  3235 | D:3      | Found a runed translucent door.
  3236 | D:3      | Noticed Crazy Yiuf
  3491 | D:3      | Noticed Terence
  3508 | D:3      | HP: 1/28 [Terence/+0 falchion (7)]
  3509 | D:3      | Slain by Terence

Illustrated notes

Levels and vault maps discovered:
D:1:      sevenhm_arrival_forest_fort_small_3, layout_basic
D:2:      minmay_chambers_of_twos, layout_basic, basic_altar, serial_bayou,
          serial_bayou_pond_a, serial_bayou_crossing, serial_bayou_pond_b,
          serial_bayou_shore_a, serial_bayou_lake_a,
          chequers_ecumenical_altar_simple, uniq_robin, uniq_natasha
D:3:      layout_loops_cross, mainiacjoe_overflow_surrounded_room, serial_shops,
          nicolae_shop_window_shopping, kennysheep_potato, uniq_terence,
          uniq_crazy_yiuf_cottage

Skill      XL: |  1  2  3 |
---------------+----------+-----
Earth Magic    | 4 5 |  5.8
Spellcasting   | 3 |  3.9
Dodging        | |  1.5
Stealth        | |  2.1
Transmutations | |  0.7

Action                   |  1- 3 |  4- 6 || total
-------------------------+-------+-------++-------
Melee: Unarmed           |    25 |       ||    25
       Club              |     3 |       ||     3
       Dagger            |    64 |    69 ||   133
       Punch             |     1 |       ||     1
Throw: Dart              |    40 |    14 ||    54
       Stone             |     2 |     1 ||     3
 Cast: Sandblast         |     7 |    17 ||    24
 Stab: Sleeping          |     2 |       ||     2
Armor: Robe              |    37 |    34 ||    71
Dodge: Dodged            |    57 |    36 ||    93

Table legend: (Time is in decaauts)
 A = Elapsed time spent in this place.
 B = Non-inter-level travel time spent in this place.
 C = Inter-level travel time spent in this place.
 D = Time resting spent in this place.
 E = Time spent auto-exploring this place.
 F = Levels seen in this place.
 G = Mean time per level.
                   A        B        C        D        E       F      G
               +--------+--------+--------+--------+--------+-----+--------+
         Total |   3580 |   3516 |     64 |    665 |   1829 |   3 | 1193.3 |
       Dungeon |   3580 |   3516 |     64 |    665 |   1829 |   3 | 1193.3 |
               +--------+--------+--------+--------+--------+-----+--------+

Top non-repeatable levels by time:
     D:2: 1786 daAuts
     D:1: 1411 daAuts
     D:3: 382 daAuts
